 Dungeon Crawl Stone Soup version 0.31-a0-145-g046c7d2549 (webtiles) character file.

Game seed: 12323223714319256741

25 nicknak712 the Grave Robber (level 2, -1/19 HPs)
             Began as a Demonspawn Necromancer on June 5, 2023.
             Slain by Natasha (3 damage)
             ... on level 2 of the Dungeon.
             The game lasted 00:06:19 (1258 turns).

nicknak712 the Grave Robber (DsNe)                  Turns: 1258, Time: 00:06:20

Health: -1/19      AC:  3    Str:  8    XL:     2   Next: 86%
Magic:  2/5        EV: 11    Int: 16    God:
Gold:   67         SH:  0    Dex: 13    Spells: 3/5 levels left

rFire   . . .        (no weapon)
rCold   . . .        (no shield)
rNeg    . . .        d - +0 leather armour
rPois   +            (helmet currently unavailable)
rElec   .            (no cloak)
rCorr   .            (no gloves)
SInv    .            (boots currently unavailable)
Will    .....        (no amulet)
Stlth   ++           e - ring of poison resistance
HPRegen 0.23/turn    (no ring)
MPRegen 0.09/turn

%: no passive effects
@: appendages (expiring), attractive, slowed, very slow
A: horns 2, talons 2, claws 1
a: End Transformation


You were on level 2 of the Dungeon.
You had temporarily grown beastly horns and talons.
You visited 1 branch of the dungeon, and saw 2 of its levels.

You collected 67 gold pieces.

Inventory:

Armour
 a - a +0 robe
 d - a +0 leather armour (worn)
Jewellery
 e - a ring of poison resistance (left claw)
Scrolls
 c - 2 scrolls of fog {unknown}
 g - a scroll of blinking {unknown}
 h - 2 scrolls of fear {unknown}
 i - 4 scrolls of identify {unknown}
 l - a scroll of noise {unknown}
 m - a scroll of poison {unknown}
Potions
 b - a potion of magic
 f - a potion of degeneration {unknown}
 j - 2 potions of haste {unknown}


   Skills:
 * Level 2.3 Dodging
 + Level 2.0 Stealth
 + Level 2.2 Spellcasting
 + Level 4.5 Necromancy
 + Level 0.4 Transmutations


You had 3 spell levels left.
You knew the following spells:

 Your Spells              Type           Power      Damage    Failure   Level
a - Necrotise             Necr           64%        1d7       4%          1
b - Beastly Appendage     Tmut           6%         N/A       24%         1

Your spell library contained the following spells:

 Spells                   Type           Power      Damage    Failure   Level
 Vampiric Draining        Necr           16%        2d7       14%         3
 Wereblood                Tmut           3%         N/A       36%         2
 Spider Form              Tmut/Pois      2%         N/A       63%         3
 Animate Dead             Necr           16%        N/A       41%         4
 Agony                    Necr           16%        N/A       77%         5


Dungeon Overview and Level Annotations

Branches:
Dungeon (2/15)

Altars:

Annotations:
D:2 Natasha


Innate Abilities, Weirdness & Mutations

You have temporarily grown beastly horns and talons.
You have sharp fingernails.


Message History

Natasha, Servant of Life and Death comes into view.
You see here 7 gold pieces.
You now have 67 gold pieces (gained 7).
Found an inky potion and a blue potion.
Natasha hisses angrily.
Natasha struggles to resist.
Natasha writhes in agony.
Natasha casts a spell at you. The magic dart hits you.
Natasha writhes in agony.
Casting: Necrotise (safe; 4% risk of failure)
Confirm with . or Enter, or press ? or * to list all spells.
You grow a pair of large bovine horns.
Your feet morph into talons.
Natasha drinks a potion.
Natasha is healed!
You scratch Natasha. Your kick misses Natasha.
Natasha is moderately wounded.
Your transformation is almost over.
Natasha barely misses you.
You scratch Natasha but do no damage. Your kick misses Natasha.
Natasha is moderately wounded.
Natasha mumbles some strange words.
You barely miss Natasha.
Natasha is moderately wounded.
Natasha claws you!
You scratch Natasha but do no damage. You claw Natasha.
Natasha is heavily wounded.
Natasha casts a spell at you.
You feel yourself slow down.
The cerulean imp hits you from afar with a +1 spear.
You barely miss Natasha. Your kick misses Natasha.
Natasha is heavily wounded.
Natasha claws you.
* * * LOW HITPOINT WARNING * * *
The cerulean imp hits you from afar with a +1 spear.
* * * LOW HITPOINT WARNING * * *
Natasha closely misses you.
It was a potion of attraction.
You feel attractive to monsters. The cerulean imp barely misses you.
Natasha claws you.
You die...

.!. ...! # ###.... ##.
##....... ##..###........
#....#..[......
#............# .....
#######.@h.......# ....
#.........5......# ....
#.................## ....
#......#............ ...
#..................####..
#..........).............
#...................##...
#.#.._................#..
#...8.8.............#.#..


You could see Natasha and a cerulean imp (summoned).

Vanquished Creatures
  3 dart slugs (D:1)
  2 ball pythons (D:1)
  3 endoplasms
  A goblin (D:1)
  A hobgoblin (D:1)
  A quokka (D:1)
  3 bats
  6 rats
20 creatures vanquished.

Notes
Turn   | Place    | Note
-------+----------+-------------------------------------------
     0 | D:1      | nicknak712 the Demonspawn Necromancer began the quest for
                  | the Orb.
     0 | D:1      | Reached XP level 1. HP: 13/13 MP: 3/3
    39 | D:1      | Learned a level 1 spell: Beastly Appendage
   409 | D:1      | Gained mutation: You have sharp fingernails. [demonic
                  | ancestry]
   409 | D:1      | Reached XP level 2. HP: 19/19 MP: 3/5
  1234 | D:2      | Found a faded altar of an unknown god.
  1242 | D:2      | Noticed Natasha
  1258 | D:2      | Slain by Natasha

Illustrated notes

Levels and vault maps discovered:
D:1:      sevenhm_arrival_forest_fort_small_5, layout_basic, minivault_5,
          nicolae_the_louvre
D:2:      layout_rooms, dreamdust_ecumenical_altar_statues,
          uniq_crazy_yiuf_cottage, uniq_natasha

Skill      XL: |  1  2 |
---------------+-------+-----
Dodging        | 2 |  2.3
Stealth        | 2 |  2.0
Spellcasting   | |  2.2
Necromancy     | |  4.5
Transmutations | |  0.4

Action                     || total
---------------------------++-------
  Melee: Unarmed           ||    31
         Kick              ||     6
         Headbutt          ||     3
   Cast: Necrotise         ||    28
         Beastly Appendage ||     4
    Use: Potion            ||     1
 Armour: Leather armour    ||    16
  Dodge: Dodged            ||    26

Table legend: (Time is in decaauts)
 A = Elapsed time spent in this place.
 B = Non-inter-level travel time spent in this place.
 C = Inter-level travel time spent in this place.
 D = Time resting spent in this place.
 E = Time spent auto-exploring this place.
 F = Levels seen in this place.
 G = Mean time per level.
                   A        B        C        D        E       F      G
               +--------+--------+--------+--------+--------+-----+--------+
         Total |   1259 |   1248 |     11 |     63 |    946 |   2 |  629.5 |
       Dungeon |   1259 |   1248 |     11 |     63 |    946 |   2 |  629.5 |
               +--------+--------+--------+--------+--------+-----+--------+

Top non-repeatable levels by time:
     D:1: 1131 daAuts
     D:2: 128 daAuts
